 Dungeon Crawl Stone Soup version 0.20.0-4-g10b340a (webtiles) character file.

426 Manul the Chopper (level 7, -21/59 HPs)
             Began as a Human Chaos Knight on May 28, 2017.
             Demolished by an ogre
             ... wielding a +0 giant spiked club
              (25 damage)
             ... on level 3 of the Dungeon.
             The game lasted 00:04:37 (3216 turns).

Manul the Chopper (Human Chaos Knight)              Turns: 3216, Time: 00:04:37

Health: -21/59     AC:  8    Str: 14    XL:     7   Next: 18%
Magic:  7/7        EV: 15    Int: 12    God:    Xom [..*...]
Gold:   179        SH:  0    Dex: 13    Spells: 6/6 levels left

rFire    . . .     SeeInvis .   a - +1 hand axe (chaos)
rCold    . . .     Gourm    .   (no shield)
rNeg     . . .     Faith    .   b - +2 leather armour
rPois    .         Spirit   .   (no helmet)
rElec    .         Reflect  .   t - +0 cloak
rCorr    .         Harm     .   (no gloves)
MR       .....                  e - +0 pair of boots
Stlth    ..........             (no amulet)
Regen    0.2/turn               d - ring of loudness (curse)
MPRegen  0.1/turn               (no ring)

@: no status effects
A: no striking features
a: Renounce Religion


You were on level 3 of the Dungeon.
You worshipped Xom.
You were a toy of Xom.
You were not hungry.

You visited 1 branch of the dungeon, and saw 4 of its levels.

You collected 179 gold pieces.

Inventory:

Hand Weapons
 a - a +1 hand axe of chaos (weapon)
 s - a +3 quarterstaff of chaos
Armour
 b - a +2 leather armour (worn)
 e - a +0 pair of boots (worn)
 t - a +0 cloak (worn)
Jewellery
 d - a cursed ring of loudness (left hand)
Scrolls
 f - 2 scrolls of recharging
 g - 3 scrolls of identify
 i - 2 scrolls of enchant weapon
 l - a scroll of amnesia
Potions
 h - 4 potions of haste
 k - 2 potions of brilliance {unknown}
 n - a potion of resistance {unknown}
 o - a potion of lignification {unknown}
 p - 2 potions of heal wounds {unknown}
 r - a potion of flight {unknown}
Comestibles
 c - 3 bread rations
 j - 2 royal jellies
 q - 4 chunks of flesh


   Skills:
 + Level 6.9 Fighting
 + Level 7.4 Axes
 + Level 6.2 Armour
 + Level 6.0 Dodging


You had 6 spell levels left.
You didn't know any spells.

Dungeon Overview and Level Annotations

Branches:
Dungeon (4/15)
 Temple: D:4-7

Altars:
Cheibriados
Elyvilon
Fedhas
Gozag
Makhleb
Okawaru
Vehumet
Yredelemnul

Annotations:
D:3 Grinder


Message History

An ogre comes into view. It is wielding a giant spiked club.
You feel yourself slow down.
The ogre shouts!
An ogre is nearby!
The ogre barely misses you.
You slash the ogre!
The ogre is moderately wounded.
You hit the ogre.
The ogre seems to speed up.
The ogre is heavily wounded.
The ogre closely misses you.
The ogre hits you with a giant spiked club!!
* * * LOW HITPOINT WARNING * * *
You are too injured to fight recklessly!
You are too injured to fight recklessly!
You are too injured to fight recklessly!
You are too injured to fight recklessly!
You are too injured to fight recklessly!
The ogre hits you with a giant spiked club!!
You die...
Xom titters!

.###.# ####### ..##.#
#.....######
...#.######..)........
.................#####
...#.###.##......#
..##.##...#......####
.###.#.....##.......#
.....##...######.##.#
########.## #@##.###.# #.#
#.O......# #.# ####.#####
##'## #.# ##...## #.#
##.....## ##.# #
##.......## ##..#
####.........####...##
...'....>....'.......#####


You could see an ogre.

Vanquished Creatures
  The ghost of Manul the Chopper, an amateur HuCK of Xom (D:4)
  Crazy Yiuf (D:2)
  A howler monkey zombie (D:4)
  6 adders
  A river rat (D:1)
  2 oozes (D:1)
  An adder skeleton (D:4)
  5 worms
  2 dart slugs (D:1)
  4 leopard geckos
  2 orcs (D:3)
  7 bats
  4 giant cockroaches
  10 goblins
  7 hobgoblins
  8 jackals
  A frilled lizard (D:2)
  7 kobolds
  8 rats
78 creatures vanquished.

Vanquished Creatures (others)
  2 draconians (D:1)
  2 vine stalkers (D:1)
  4 humans (D:1)
  A naga (D:1)
  4 ogres (D:1)
  A mummy (D:1)
  A kobold (D:1)
  4 tentacles (D:1)
19 creatures vanquished.

Grand Total: 97 creatures vanquished

Notes
Turn   | Place    | Note
-------+----------+-------------------------------------------
     0 | D:1      | Manul the Human Chaos Knight began the quest for the Orb.
     0 | D:1      | Reached XP level 1. HP: 18/18 MP: 1/1
     2 | D:1      | Noticed a human
     2 | D:1      | Noticed an ogre
     2 | D:1      | Noticed an ogre
     2 | D:1      | Noticed a vine stalker
     2 | D:1      | Noticed a draconian
     2 | D:1      | Noticed a human
     2 | D:1      | Noticed an ogre
     2 | D:1      | Noticed a kraken
     2 | D:1      | Noticed a human
     2 | D:1      | Noticed a naga
     2 | D:1      | Noticed a vine stalker
     2 | D:1      | Noticed a draconian
     2 | D:1      | Noticed a human
     2 | D:1      | Noticed an ogre
     4 | D:1      | Killed a human
     8 | D:1      | Killed an ogre
     8 | D:1      | Killed a draconian
     9 | D:1      | Killed an ogre
     9 | D:1      | Killed a human
     9 | D:1      | Killed an ogre
    10 | D:1      | Killed a vine stalker
    11 | D:1      | Killed a naga
    13 | D:1      | Killed a vine stalker
    13 | D:1      | Killed a human
    15 | D:1      | Killed an ogre
    17 | D:1      | Killed a draconian
    18 | D:1      | Killed a human
    25 | D:1      | Reached XP level 2. HP: 24/24 MP: 2/2
   448 | D:1      | Reached XP level 3. HP: 26/29 MP: 3/3
   482 | D:1      | XOM: cloud trail
   710 | D:1      | Reached XP level 4. HP: 13/37 MP: 4/4
   872 | D:1      | XOM: divination: detect items
  1301 | D:2      | Found a blossoming altar of Fedhas.
  1598 | D:2      | Reached skill level 4 in Axes
  1662 | D:2      | Found a runed door.
  1704 | D:2      | You fall through a shaft for 2 floors!
  1704 | D:4      | Noticed Manul's ghost (amateur HuCK)
  1711 | D:4      | Reached skill level 7 in Axes
  1711 | D:4      | Reached skill level 5 in Dodging
  1711 | D:4      | Reached XP level 5. HP: 47/47 MP: 5/5
  1721 | D:4      | Killed Manul's ghost
  1721 | D:4      | Reached XP level 6. HP: 42/53 MP: 6/6
  1905 | D:4      | Found a snail-covered altar of Cheibriados.
  1907 | D:4      | Found a radiant altar of Vehumet.
  1907 | D:4      | Found an iron altar of Okawaru.
  1908 | D:4      | Found a white marble altar of Elyvilon.
  1909 | D:4      | Found a burning altar of Makhleb.
  1911 | D:4      | Found an opulent altar of Gozag.
  1914 | D:4      | Found a basalt altar of Yredelemnul.
  1920 | D:4      | XOM: harmless Erth miscast
  2337 | D:3      | XOM: mild Chrm miscast
  2720 | D:3      | Reached XP level 7. HP: 53/59 MP: 7/7
  2816 | D:2      | XOM: noise
  2888 | D:2      | XOM: noise
  3051 | D:2      | Noticed Crazy Yiuf
  3058 | D:2      | Killed Crazy Yiuf
  3132 | D:3      | Noticed Grinder
  3141 | D:3      | Paralysed by something for 3 turns
  3150 | D:3      | Paralysed by something for 3 turns
  3159 | D:3      | Paralysed by something for 4 turns
  3216 | D:3      | Demolished by an ogre

Skill      XL: |  1  2  3  4  5  6 |
---------------+-------------------+-----
Axes           | 7 |  7.4
Fighting       | 6 |  6.9
Armour         | 6 |  6.2
Dodging        | 5 6 |  6.0

Action                   |  1- 3 |  4- 6 |  7- 9 || total
-------------------------+-------+-------+-------++-------
Melee: Hand axe          |    70 |   150 |    36 ||   256
  Use: Potion            |       |     1 |     2 ||     3
       Scroll            |       |     5 |       ||     5
 Stab: Invisible         |       |     1 |       ||     1
  Eat: Chunk             |       |     6 |     1 ||     7
Armor: Leather armour    |    28 |    49 |     4 ||    81
Dodge: Dodged            |    37 |    85 |    19 ||   141
